 Dungeon Crawl Stone Soup version 0.18.1-6-gd335043 (webtiles) character file.

1313 trgk the Cleaver (level 8, 0/64 HPs)
             Began as a Minotaur Fighter on May 19, 2016.
             Was an Initiate of Qazlal.
             Slain by a wight
             ... wielding a cursed +2 great sword of freezing
              (1 damage)
             ... on level 6 of the Dungeon.
             The game lasted 00:08:31 (5892 turns).

trgk the Cleaver (Minotaur Fighter)                 Turns: 5892, Time: 00:08:35

Health: 0/64       AC: 11    Str: 21    XL:     8   Next: 32%
Magic:  7/7        EV:  5    Int:  5    God:    Qazlal [......]
Gold:   446        SH: 13    Dex: 12    Spells: 0 memorised, 7 levels left

rFire  . . .     SeeInvis .     a - +0 war axe
rCold  . . .     Gourm    .     L - +0 plate armour
rNeg   . . .     Faith    .     c - +0 shield
rPois  .         Spirit   .     (helmet restricted)
rElec  .         Dismiss  .     (no cloak)
rCorr  .         Reflect  +     (no gloves)
SustAt .         Harm     .     (no boots)
MR     .....                    J - +3 amulet of reflection
Stlth  ..........               (no ring)
                                b - ring of stealth

@: hasted, heavily drained, very quick, not resistant to hostile enchantments,
extremely unstealthy
A: retaliatory headbutt, horns 2
a: Renounce Religion


You were on level 6 of the Dungeon.
You worshipped Qazlal.
Qazlal was noncommittal.
You were very hungry.

You visited 1 branch of the dungeon, and saw 7 of its levels.
You also visited: Sewer.

You collected 446 gold pieces.

Inventory:

Hand Weapons
 a - a +0 war axe (weapon)
 r - a +0 hunting sling
Missiles
 s - 126 stones (quivered)
Armour
 c - a +0 shield (worn)
 L - a +0 plate armour (worn)
Jewellery
 b - a ring of stealth (left hand)
 J - a +3 amulet of reflection (around neck)
Wands
 v - a wand of enslavement (10/24)
 z - a wand of paralysis (14/24)
 C - a wand of iceblast (5/15)
 M - a wand of paralysis (15/24)
Scrolls
 h - 8 scrolls of remove curse
 o - 5 scrolls of identify {unknown}
 p - a scroll of random uselessness {unknown}
 t - 2 scrolls of teleportation {unknown}
 u - a scroll of amnesia {unknown}
 w - a scroll of magic mapping
 y - 2 scrolls of fear
 A - 2 scrolls of recharging {unknown}
 D - a scroll of noise {unknown}
 G - a scroll of silence {unknown}
 H - 2 scrolls of enchant armour {unknown}
 I - a scroll of brand weapon {unknown}
Potions
 d - a potion of might
 e - a potion of haste
 g - a potion of flight {unknown}
 j - 2 potions of invisibility {unknown}
 k - 2 potions of magic {unknown}
 m - a potion of heal wounds {unknown}
 n - 2 potions of lignification {unknown}
 q - a potion of curing
 B - a potion of berserk rage {unknown}
 E - a potion of agility {unknown}
 F - a potion of degeneration {unknown}
 K - a potion of brilliance {unknown}
Books
 x - a book of Clouds

   Spells                             Type                      Level
   a - Mephitic Cloud                 Conjuration/Poison/Air       3
   b - Conjure Flame                  Conjuration/Fire             3
   c - Poisonous Cloud                Conjuration/Poison/Air       6
   d - Freezing Cloud                 Conjuration/Ice/Air          6
   e - Ring of Flames                 Charms/Fire                  7
Comestibles
 f - 4 bread rations
 i - 2 beef jerkies
 l - 6 meat rations
 N - 2 fruits


   Skills:
 - Level 3.6(2.4) Fighting
 * Level 9.6(8.2) Axes
 - Level 3.6(2.4) Armour
 * Level 4.3(3.1) Dodging
 + Level 7.0(5.7) Shields


You had 7 spell levels left.
You didn't know any spells.

Dungeon Overview and Level Annotations

Branches:
Dungeon (7/15)
 Temple: D:4-7

Altars:
Ashenzari
Cheibriados
Elyvilon
Kikubaaqudgha
Makhleb
Okawaru
Pakellas
Qazlal
Sif Muna
Trog
Xom
Zin


Innate Abilities, Weirdness & Mutations

You reflexively headbutt those who attack you in melee.
You have a pair of horns on your head.


Message History

Your plate armour prevents you from hitting the wight.
The wight hits you with a halberd.
You feel drained.
The wight hits you with a great sword of freezing!
* * * LOW HITPOINT WARNING * * *
The wight freezes you.
* * * LOW HITPOINT WARNING * * *
You are too injured to fight recklessly!
You are too injured to fight recklessly!
Drink which item? (? for menu, Esc to quit)
It was a potion of curing.
You feel better.
The wight hits you but does no damage. x2
Drink which item? (? for menu, Esc to quit)
It was a potion of haste.
You feel yourself speed up. The wight barely misses you.
The wight hits you with a great sword of freezing!
* * * LOW HITPOINT WARNING * * *
You feel drained.
* * * LOW HITPOINT WARNING * * *
The wight freezes you.
You die...

#.#.# #........ #.#.#
#........ #.#.#
#........ #.#.#
#........ ####.#'#######
#........ #......[.....#
#........ #......).....#
######### #......)z....#
#......@.....#
#......z.....##
#.............##
#..............##
###########..#..########
##....#.#....#....
#..#########...###
##..#.._..#..#.#
#..#.......#...#


You could see 2 wights.

Vanquished Creatures
  Duvessa (D:6)
  An ice beast (D:6)
  An orc warrior (D:6)
  A centaur (D:5)
  An ogre (D:5)
  A crocodile (Sewer)
  Dowan (D:6)
  A wight (D:6)
  A crimson imp (D:5)
  3 jellies (D:6)
  A centaur skeleton (D:4)
  A giant frog skeleton (D:6)
  A hound (D:4)
  An orc priest (D:5)
  4 orc wizards
  Jessica (D:3)
  3 worker ants
  2 hound zombies
  3 hound skeletons
  A worker ant zombie (D:5)
  4 adders
  A shadow imp (D:6)
  2 worms
  8 dart slugs (D:4)
  8 giant geckos
  11 orcs
  3 ball pythons
  5 giant cockroaches
  5 goblins
  3 hobgoblins
  9 jackals
  A quokka (D:3)
  9 bats
  A giant newt (D:1)
  5 kobolds
  A quokka skeleton (D:4)
  5 rats
111 creatures vanquished.

Notes
Turn   | Place    | Note
--------------------------------------------------------------
     0 | D:1      | trgk the Minotaur Fighter began the quest for the Orb.
     0 | D:1      | Reached XP level 1. HP: 19/19 MP: 0/0
   299 | D:1      | Reached skill level 3 in Axes
   385 | D:1      | Reached XP level 2. HP: 26/26 MP: 1/1
   727 | D:2      | Found a white marble altar of Elyvilon.
   732 | D:2      | Reached XP level 3. HP: 31/31 MP: 2/2
  1181 | D:2      | Reached skill level 4 in Axes
  1643 | D:3      | Found a shimmering altar of Xom.
  1644 | D:3      | Found a shimmering altar of Xom.
  1686 | D:3      | Found a burning altar of Makhleb.
  1724 | D:3      | Noticed Jessica
  1727 | D:3      | Killed Jessica
  1727 | D:3      | Reached XP level 4. HP: 35/39 MP: 3/3
  1763 | D:3      | Found a bloodstained altar of Trog.
  1816 | D:3      | Reached skill level 5 in Axes
  1943 | D:4      | Reached XP level 5. HP: 40/45 MP: 4/4
  2161 | D:4      | Reached skill level 6 in Axes
  2161 | D:4      | Reached skill level 5 in Shields
  2491 | D:4      | Reached XP level 6. HP: 50/51 MP: 5/5
  2679 | D:4      | Found a deep blue altar of Sif Muna.
  2751 | D:4      | Reached skill level 7 in Axes
  2989 | D:5      | Entered Level 5 of the Dungeon
  3376 | D:5      | Reached skill level 8 in Axes
  3376 | D:5      | Reached XP level 7. HP: 29/57 MP: 6/6
  3853 | D:5      | Reached skill level 1 in Dodging
  4269 | D:6      | Found a stormy altar of Qazlal.
  4270 | D:6      | Found an ancient bone altar of Kikubaaqudgha.
  4271 | D:6      | Found a glowing silver altar of Zin.
  4271 | D:6      | Found a shattered altar of Ashenzari.
  4273 | D:6      | Found an oddly glowing altar of Pakellas.
  4274 | D:6      | Found an iron altar of Okawaru.
  4291 | D:6      | Became a worshipper of Qazlal Stormbringer
  4411 | D:6      | Found a glowing drain.
  4415 | Sewer    | Entered a sewer
  4488 | Sewer    | Reached skill level 9 in Axes
  4800 | D:6      | Found an oddly glowing altar of Pakellas.
  4809 | D:6      | Noticed Duvessa
  4811 | D:6      | Noticed Dowan
  4817 | D:6      | Killed Duvessa
  4817 | D:6      | Reached XP level 8. HP: 63/64 MP: 7/7
  4821 | D:6      | Killed Dowan
  5594 | D:6      | Found a snail-covered altar of Cheibriados.
  5892 | D:6      | HP: 1/64 [wight/great sword of freezing (4)]
  5892 | D:6      | Slain by a wight

Skill      XL: |  1  2  3  4  5  6  7  8 |
---------------+-------------------------+-----
Axes           | 3 4 5 6 8 9 |  9.6
Shields        | 4 5 6 7 |  7.0
Dodging        | 3 4 |  4.3
Fighting       | |  3.6
Armour         | |  3.6

Action                   |  1- 3 |  4- 6 |  7- 9 || total
-------------------------+-------+-------+-------++-------
Melee: War axe           |    79 |   120 |   127 ||   326
       Headbutt          |     8 |    22 |    29 ||    59
  Use: Scroll            |       |     1 |     2 ||     3
       Potion            |       |       |     2 ||     2
  Eat: Chunk             |     3 |     5 |     7 ||    15
Armor: Scale mail        |    34 |    15 |       ||    49
       Chain mail        |       |    26 |    35 ||    61
       Plate armour      |       |       |    12 ||    12
Dodge: Dodged            |    24 |    22 |    18 ||    64
Block: Shield            |    45 |    62 |    64 ||   171
